 Dungeon Crawl Stone Soup version 0.19-a0-996-g3cba913 (webtiles) character file.

111 Musica the Chucker (level 4, 0/48 HPs)
             Began as an Ogre Hunter on July 17, 2016.
             Slain by Mulkerokala's ghost (10 damage)
             ... on level 3 of the Dungeon.
             The game lasted 00:09:19 (2530 turns).

Musica the Chucker (Ogre Hunter)                    Turns: 2530, Time: 00:09:19

Health: 0/48       AC:  3    Str: 17    XL:     4   Next: 92%
Magic:  4/4        EV: 15    Int: 10    God:
Gold:   102        SH:  0    Dex: 16    Spells: 0 memorised, 3 levels left

rFire  . . .     SeeInvis .     a - +0 club
rCold  . . .     Gourm    .     A - +0 robe
rNeg   . . .     Faith    .     (no shield)
rPois  .         Spirit   .     (helmet restricted)
rElec  .         Dismiss  .     (no cloak)
rCorr  .         Reflect  .     (gloves unavailable)
SustAt .         Harm     .     (boots unavailable)
MR     .....                    (no amulet)
Stlth  +++.......               (no ring)
                                (no ring)

@: agile, not resistant to hostile enchantments, fairly stealthy
A: unfitting armour, tough skin 1
a: no special abilities


You were on level 3 of the Dungeon.
You were hungry.

You visited 1 branch of the dungeon, and saw 4 of its levels.

You collected 102 gold pieces.

Inventory:

Hand Weapons
 a - a +0 club (weapon)
 q - a +1 blowgun
Missiles
 d - 2 throwing nets
 j - 24 poisoned needles
 p - 6 curare-tipped needles
 t - 4 large rocks (quivered)
Armour
 A - a +0 robe (worn)
Magical Staves
 b - an uncursed staff of poison
Jewellery
 c - an uncursed ring of protection from magic
 o - an uncursed ring of protection from cold
Scrolls
 h - 7 scrolls of identify
Potions
 m - 2 potions of agility
 v - a potion of might {unknown}
 w - a potion of curing {unknown}
Comestibles
 f - 3 bread rations
 s - a slice of pizza
 x - a fruit
 z - a chunk of flesh


   Skills:
 + Level 4.2 Fighting
 + Level 1.0 Maces & Flails
 + Level 5.3 Throwing
 - Level 1.8 Dodging
 - Level 0.7 Stealth


You had 3 spell levels left.
You didn't know any spells.

Dungeon Overview and Level Annotations

Branches:
Dungeon (4/15)
 Temple: D:4-7

Altars:
Elyvilon

Annotations:
D:3 Mulkerokala's ghost, amateur HuHu


Innate Abilities, Weirdness & Mutations

You are too large for most types of armour.
You have tough skin. (AC +1)


Message History

Mulkerokala's ghost is heavily damaged.
You feel a little less clever now. Mulkerokala's ghost hits you.
Mulkerokala's ghost hits you but does no damage.
You hit Mulkerokala's ghost.
Mulkerokala's ghost is severely damaged.
Mulkerokala's ghost wails.
Mulkerokala's ghost hits you but does no damage.
You closely miss Mulkerokala's ghost.
Mulkerokala's ghost is severely damaged.
Mulkerokala's ghost hits you.
You hit Mulkerokala's ghost.
Mulkerokala's ghost is severely damaged.
You feel less woody.
Your +0 robe unmelds from your body.
Mulkerokala's ghost hits you.
* * * LOW HITPOINT WARNING * * *
You closely miss Mulkerokala's ghost.
Mulkerokala's ghost is severely damaged.
Mulkerokala's ghost hits you!
You die...

.# #... #..
#..###### ##.#
##...#... .#.#
#......## .#
...# (......
..# .### #(..#
#.# ## #.#.#
#.# # #W#.#
#.. #@#.+
+.###### #.#.#
#......> #
#.#.# #..#####
#...###+###.##
###......)..#
###.###.###
#.....#
#####.# #.#


You could see Mulkerokala's ghost.

Vanquished Creatures
  A gnoll (D:1)
  5 adders
  An ooze (D:2)
  2 dart slugs
  2 giant geckos
  An orc (D:3)
  3 bats
  3 giant cockroaches (D:2)
  5 goblins
  3 hobgoblins
  3 jackals
  3 quokkas
  3 giant newts (D:2)
  A jackal zombie (D:3)
  5 kobolds
  5 rats
46 creatures vanquished.

Notes
Turn   | Place    | Note
-------+----------+-------------------------------------------
     0 | D:1      | Musica the Ogre Hunter began the quest for the Orb.
     0 | D:1      | Reached XP level 1. HP: 22/22 MP: 1/1
   731 | D:1      | Reached XP level 2. HP: 19/29 MP: 2/2
  1110 | D:2      | Reached XP level 3. HP: 11/37 MP: 3/3
  1742 | D:2      | Reached skill level 5 in Throwing
  1787 | D:2      | Reached XP level 4. HP: 42/46 MP: 4/4
  2292 | D:3      | Found a white marble altar of Elyvilon.
  2361 | D:3      | Noticed Mulkerokala's ghost (amateur HuHu)
  2472 | D:3      | Reached skill level 1 in Maces & Flails
  2530 | D:3      | Slain by Mulkerokala's ghost

Vault maps used:
D:1:      mrwooster_arrival_statue
D:2:      first_bread
D:3:      lemuel_round_altar, lemuel_doored_altar
D:4:      nicolae_overflow_crystal_walls, uniq_natasha, uniq_sigmund

Skill      XL: |  1  2  3  4 |
---------------+-------------+-----
Fighting       | 3 4 |  4.2
Throwing       | 5 |  5.3
Maces & Flails | 1 |  1.0
Dodging        | |  1.8
Stealth        | |  0.7

Action                   |  1- 3 |  4- 6 || total
-------------------------+-------+-------++-------
Melee: Club              |   112 |   129 ||   241
       Short sword       |    14 |       ||    14
 Fire: Blowgun           |       |    26 ||    26
Throw: Large rock        |    11 |     3 ||    14
  Use: Scroll            |       |     6 ||     6
       Potion            |       |     5 ||     5
  Eat: Chunk             |     3 |     2 ||     5
Armor: Robe              |    49 |    22 ||    71
       Skin              |       |    35 ||    35
Dodge: Dodged            |    99 |    64 ||   163
